 Dungeon Crawl Stone Soup version 0.19-a0-328-g3707654 (webtiles) character file.

140 Foomius the Scholar of Death (level 5, -11/36 HPs)
             Began as a Demonspawn Necromancer on May 28, 2016.
             Was a Follower of Kikubaaqudgha.
             Killed by divine providence
             ... invoked by an orc priest
              (13 damage)
             ... on level 3 of the Dungeon.
             The game lasted 00:13:57 (2605 turns).

Foomius the Scholar of Death (DsNe)                 Turns: 2605, Time: 00:13:58

Health: -11/36     AC:  5    Str:  8    XL:     5   Next: 2%
Magic:  7/9        EV: 10    Int: 21    God:    Kikubaaqudgha [*.....]
Gold:   94         SH:  0    Dex: 14    Spells: 4 memorised, 2 levels left

rFire  . . .     SeeInvis .     a - +1 mace (pain)
rCold  . . .     Gourm    .     p - +0 ring mail
rNeg   . . .     Faith    .     (no shield)
rPois  .         Spirit   .     (helmet restricted)
rElec  .         Dismiss  .     (no cloak)
rCorr  .         Reflect  .     (no gloves)
SustAt .         Harm     .     (no boots)
MR     .....                    (no amulet)
Stlth  +.........               (no ring)
                                s - +4 ring of intelligence

@: not resistant to hostile enchantments, very unstealthy
A: horns 1, demonic guardian 1
a: Receive Corpses, Renounce Religion


You were on level 3 of the Dungeon.
You worshipped Kikubaaqudgha.
Kikubaaqudgha was aware of your devotion.
You were not hungry.

You visited 1 branch of the dungeon, and saw 3 of its levels.

You collected 94 gold pieces.

Inventory:

Hand Weapons
 a - a +1 mace of pain (weapon)
 e - a +0 club
 h - a +0 whip
 B - a +0 flail of protection
Missiles
 d - 31 poisoned needles
 i - 74 stones
 u - 6 tomahawks
 A - 2 javelins (quivered)
Armour
 n - a +0 robe
 p - a +0 ring mail (worn)
 q - a +0 helmet
 z - a +0 robe of cold resistance
Jewellery
 s - a +4 ring of intelligence (left hand)
 w - a cursed ring of wizardry {unknown}
Scrolls
 f - 3 scrolls of remove curse {unknown}
 k - 3 scrolls of identify {unknown}
 l - a scroll of fog {unknown}
 m - 2 scrolls of noise {unknown}
 r - 2 scrolls of recharging {unknown}
 y - a scroll of random uselessness {unknown}
 D - a scroll of amnesia {unknown}
Potions
 g - a potion of brilliance {unknown}
 j - a potion of ambrosia {unknown}
 t - a potion of magic {unknown}
 x - a potion of heal wounds {unknown}
 E - a potion of curing {unknown}
 F - a potion of flight {unknown}
Books
 b - a book of Necromancy

   Spells                             Type                      Level
   a - Pain                           Necromancy                   1
   b - Animate Skeleton               Necromancy                   1
   c - Vampiric Draining              Necromancy                   3
   d - Regeneration                   Charms/Necromancy            3
   e - Animate Dead                   Necromancy                   4
   f - Control Undead                 Necromancy                   4
 C - Kikubaaqudgha's Almanac of Evil
   (Kikubaaqudgha gifted it to you on level 3 of the Dungeon)

   Spells                             Type                      Level
   a - Animate Skeleton               Necromancy                   1
   b - Corpse Rot                     Necromancy                   2
   c - Sublimation of Blood           Necromancy                   2
   d - Regeneration                   Charms/Necromancy            3
   e - Control Undead                 Necromancy                   4
Comestibles
 c - 2 bread rations
 o - 3 meat rations
 v - 3 chunks of flesh


   Skills:
 + Level 0.4 Fighting
 - Level 2.0 Maces & Flails
 - Level 1.7 Dodging
 - Level 1.7 Stealth
 + Level 3.1 Spellcasting
 + Level 5.5 Necromancy


You had 2 spell levels left.
You knew the following spells:

 Your Spells              Type           Power        Failure   Level  Hunger
a - Pain                  Necr           ####         6%          1    None
b - Animate Skeleton      Necr           N/A          6%          1    None
c - Regeneration          Chrm/Necr      ##........   38%         3    ###....
v - Vampiric Draining     Necr           ####......   14%         3    ###....


Dungeon Overview and Level Annotations

Branches:
Dungeon (3/15)

Altars:
Ashenzari
Cheibriados
Dithmenos
Elyvilon
Hepliaklqana
Kikubaaqudgha
Pakellas
Ru
Zin


Innate Abilities, Weirdness & Mutations

You have a pair of small horns on your head.
A weak demonic guardian rushes to your aid.


Message History

Kikubaaqudgha accepts your kill.
You have reached level 5!
The orc priest calls down the wrath of Beogh upon you.
Beogh smites you!
The orc priest casts a cantrip, but nothing happens.
You closely miss the orc. Your ufetubus hits the orc.
Your ufetubus closely misses the orc.
The orc hits you with a hand axe.
The orc closely misses your giant newt skeleton.
The orc barely misses your ufetubus.
Your ufetubus closely misses the orc.
Your ufetubus barely misses the orc.
You hit the orc.
The orc writhes in agony.
You kill the orc!
Kikubaaqudgha accepts your kill.
The orc priest calls down the wrath of Beogh upon you.
Beogh smites you!
* * * LOW HITPOINT WARNING * * *
The orc priest mumbles some strange prayers to Beogh against you.
Beogh smites you!
You die...
Kikubaaqudgha rasps: "You have failed me!
Welcome... death!"

#....# #....#
#.o..# ##'###
#o# #o# #.#
#.####)#######
#....Z@5......
#.....%.5.....
#.......$.....
#.#...........
# #..#+#######
.... ###.. ...
###


You could see 2 orc priests, an orc, a friendly quasit, a friendly ufetubus and
a friendly giant newt skeleton.

Vanquished Creatures
  2 adders (D:2)
  2 worms (D:3)
  A dart slug (D:2)
  A giant gecko (D:2)
  7 orcs (D:3)
  5 bats
  6 giant cockroaches
  7 goblins
  2 hobgoblins
  2 jackals (D:3)
  7 kobolds
  A quokka (D:3)
  5 giant newts
  7 rats
55 creatures vanquished.

Vanquished Creatures (collateral kills)
  An orc priest (D:3)
  Jessica (D:3)
  A dart slug (D:3)
  A hobgoblin (D:3)
4 creatures vanquished.

Vanquished Creatures (others)
  A hobgoblin (D:3)
  A quokka (D:3)
2 creatures vanquished.

Grand Total: 61 creatures vanquished

Notes
Turn   | Place    | Note
--------------------------------------------------------------
     0 | D:1      | Foomius the Demonspawn Necromancer began the quest for the Orb.
     0 | D:1      | Reached XP level 1. HP: 13/13 MP: 3/3
   558 | D:1      | Found a snail-covered altar of Cheibriados.
  1034 | D:1      | Gained mutation: A weak demonic guardian rushes to your aid. [demonic ancestry]
  1034 | D:1      | Reached XP level 2. HP: 19/19 MP: 5/5
  1367 | D:2      | Reached skill level 5 in Necromancy
  1525 | D:2      | Reached XP level 3. HP: 24/24 MP: 7/7
  1554 | D:2      | Found a glowing silver altar of Zin.
  1554 | D:2      | Found an ancient bone altar of Kikubaaqudgha.
  1563 | D:2      | Found a shattered altar of Ashenzari.
  1563 | D:2      | Found a shadowy altar of Dithmenos.
  1568 | D:2      | Found a sacrificial altar of Ru.
  1570 | D:2      | Found a hazy altar of Hepliaklqana.
  1583 | D:2      | Became a worshipper of Kikubaaqudgha
  1677 | D:2      | Learned a level 3 spell: Vampiric Draining
  1784 | D:2      | Learned a level 1 spell: Animate Skeleton
  2190 | D:3      | Found an oddly glowing altar of Pakellas.
  2190 | D:3      | Noticed Jessica
  2195 | D:3      | Killed Jessica
  2195 | D:3      | Reached skill level 1 in Maces & Flails
  2195 | D:3      | Gained mutation: You have a pair of small horns on your head. [demonic ancestry]
  2195 | D:3      | Reached XP level 4. HP: 23/30 MP: 6/8
  2348 | D:3      | Reached * piety under Kikubaaqudgha
  2348 | D:3      | Received a gift from Kikubaaqudgha
  2349 | D:3      | Identified Kikubaaqudgha's Almanac of Evil (Kikubaaqudgha gifted it to you on level 3 of the Dungeon)
  2354 | D:3      | Learned a level 3 spell: Regeneration
  2380 | D:3      | Found a white marble altar of Elyvilon.
  2603 | D:3      | Reached XP level 5. HP: 32/36 MP: 7/9
  2605 | D:3      | Killed from afar by an orc priest

Vault maps used:
D:1:      dpeg_arrival_round_a, cheibriados_altar_1
D:2:      minitemple
D:3:      elyvilon_altar_4, grunt_pakellas_mercury, uniq_crazy_yiuf_cottage,
          uniq_jessica

Skill      XL: |  1  2  3  4 |
---------------+-------------+-----
Necromancy     | 5 |  5.5
Maces & Flails | 1 2 |  2.0
Spellcasting   | 3 |  3.1
Fighting       | |  0.4
Dodging        | |  1.7
Stealth        | |  1.7

Action                   |  1- 3 |  4- 6 || total
-------------------------+-------+-------++-------
Melee: Whip              |    11 |       ||    11
       Mace              |    59 |    25 ||    84
       Flail             |       |    17 ||    17
       Headbutt          |       |     7 ||     7
Throw: Stone             |     3 |       ||     3
       Javelin           |    10 |     2 ||    12
 Cast: Pain              |    22 |     7 ||    29
       Animate Skeleton  |     6 |    12 ||    18
       Vampiric Draining |       |     1 ||     1
 Stab: Distracted        |       |     1 ||     1
  Eat: Chunk             |     4 |     2 ||     6
Armor: Robe              |     4 |       ||     4
       Ring mail         |    41 |    20 ||    61
Dodge: Dodged            |    51 |    18 ||    69
